 Dungeon Crawl Stone Soup version 0.30-a0-457-g4b7bca3bfa (webtiles) character file.

Game seed: 4233747635908219645

5937 night the Fighter (level 11, -2/87 HPs)
             Began as a Djinni Conjurer on Dec 2, 2022.
             Was an Elder of Jiyva.
             Slain by a two-headed ogre
             ... wielding a +0 giant spiked club
              (15 damage)
             ... on level 10 of the Dungeon on Dec 12, 2022.
             The game lasted 00:21:38 (7740 turns).

night the Fighter (Djinni Conjurer)                 Turns: 7740, Time: 00:21:38

Health: -2/87      AC:  8    Str:  6    XL:     11   Next: 9%
Gold:   309        EV: 13    Int: 24    God:    Jiyva [****..] SH:  0 Dex: 12

rFire   + + .      SeeInvis .    j - +3 whip (venom)
rCold   x . .      Faith    .    (no shield)
rNeg    . . .      Spirit   .    F - +0 troll leather armour
rPois   ∞          Reflect  .    (no helmet)
rElec   .          Harm     .    z - +0 cloak
rCorr   +          Rampage  .    k - +0 pair of gloves
Will    +....                    (boots unavailable)
Stlth   +.........               (no amulet)
HPRegen 2.42/turn                (no ring)
MPRegen 0.00/turn                (no ring)

@: flying
A: sickness immunity, fire resistance 2, cold vulnerability 1, float, innate
caster, HP casting, extra vitality 1, gelatinous body 2, jelly absorbing
missiles, MP-powered wands
a: Renounce Religion, Oozemancy, Slimify


You were on level 10 of the Dungeon.
You worshipped Jiyva.
Jiyva was greatly pleased with you.
You visited 1 branch of the dungeon, and saw 10 of its levels.
You also visited: Sewer.

You collected 358 gold pieces.
You spent 49 gold pieces at shops.

Inventory:

Hand Weapons
 c - a +1 spear of venom
 j - a +3 whip of venom (weapon)
 q - a +1 morningstar of chaos
 D - a +2 flail of holy wrath
Missiles
 b - 107 stones
 g - 6 javelins
 l - 7 boomerangs
 y - 35 poisoned darts
 E - a curare-tipped dart
Armour
 a - a +0 robe
 k - a +0 pair of gloves (worn)
 z - a +0 cloak (worn)
 C - a +2 robe of willpower
 F - a +0 troll leather armour (worn)
Wands
 u - a wand of iceblast (13)
Scrolls
 f - 9 scrolls of identify
 m - a scroll of vulnerability
 p - a scroll of poison {unknown}
 t - 2 scrolls of teleportation
 x - a scroll of enchant weapon
Potions
 d - 2 potions of flight {unknown}
 e - 3 potions of heal wounds {unknown}
 h - 2 potions of mutation {unknown}
 i - 4 potions of cancellation {unknown}
 n - a potion of degeneration {unknown}
 o - 2 potions of invisibility {unknown}
 r - 3 potions of attraction {unknown}
 s - a potion of curing {unknown}
 w - a potion of brilliance {unknown}
 A - a potion of might {unknown}
 B - 2 potions of lignification {unknown}
Miscellaneous
 G - a piece from Xom's chessboard (15/15)


   Skills:
 + Level 11.2 Fighting
 - Level 2.1 Dodging
 - Level 1.5 Stealth
 + Level 9.4 Spellcasting


You couldn't memorise any spells.
You knew the following spells:

 Your Spells              Type           Power      Damage    Failure   Level
a - Magic Dart            Conj           100%       1d8       1%          1
b - Searing Ray           Conj           100%       2d8       1%          2
c - Dazzling Flash        Conj/Hex       100%       N/A       1%          3
d - Fulminant Prism       Conj/Hex       27%        3d14      1%          4
e - Iskenderun's Mystic   Conj/Tloc      54%        2d12      1%          4
f - Necrotise             Necr           100%       1d9       1%          1
g - Scorch                Fire           100%       2d10      1%          2
h - Call Canine Familiar  Summ           54%        N/A       1%          3
i - Inner Flame           Hex/Fire       54%        N/A       1%          3
j - Agony                 Necr           54%        N/A       4%          5
Your spell library was empty.

Dungeon Overview and Level Annotations

Branches:
Dungeon (10/15)            Temple (0/1) D:5           Sewer (visited)
   Lair: D:8-11         Orc: D:9-12

Altars:
Ashenzari
Dithmenos
Elyvilon
Gozag
Hepliaklqana
Nemelex Xobeh
Okawaru
Uskayaw
Yredelemnul
Zin

Shops:
D:2 [   D:8 (

Annotations:
D:3 2 transporters, Maratek's ghost, weakling DsFE
D:10 Psyche


Innate Abilities, Weirdness & Mutations

You are immune to sickness and miasma.
You are immune to poison.
Your flesh is very heat resistant. (rF++)
You are vulnerable to cold. (rC-)
You float through the air rather than walking.
You learn spells naturally, not from books.
Your magical power is your life essence.
You have superior vitality. (+4 MHP)
Your pliable body absorbs attacks. (AC +2, EV +2)
You have a small jelly attached to you that may absorb projectiles.
You expend health (3 HP) to strengthen your wands.


Message History

Blink to where?
Press: ? - help, Dir - move target
Found a fuming dark potion and Ozocubu's Autobiography.
As you read the scroll of blinking, it crumbles to dust.
An orc comes into view. It is wielding a +0 short sword.
The orc shouts!
An orc wizard comes into view. It is wielding a +0 dagger.
The centaur warrior shoots an arrow.
The arrow misses you.
The orc wizard shouts!
An orc priest comes into view.
It is wielding a +0 hand axe and carrying a wand of quicksilver (4).
The orc priest shouts!
The centaur warrior shoots an arrow.
The arrow hits you!
* * * LOW HITPOINT WARNING * * *
The orc barely misses you.
Your magical contamination has completely faded away.
You hit the orc.
The orc is poisoned.
The orc is heavily wounded.
The centaur warrior shoots an arrow.
The arrow hits you!
* * * LOW HITPOINT WARNING * * *
The orc hits you with a +0 short sword.
* * * LOW HITPOINT WARNING * * *
The orc wizard hits you with a +0 dagger.
* * * LOW HITPOINT WARNING * * *
The orc priest zaps a wand.
The bolt of dispelling energy hits the orc!
The orc dies!
The bolt of dispelling energy misses you.
The centaur warrior shoots an arrow.
The arrow hits you!
* * * LOW HITPOINT WARNING * * *
Your attached jelly eats the arrow!
You feel better.
The orc wizard hits you but does no damage.
There is a stone staircase leading up, spattered with blood here.
Things that are here:
a +0 short sword; a +0 leather armour The centaur warrior shoots an arrow.
The arrow closely misses you.
The orc wizard points at you and mumbles some strange words.
The magic dart hits you.
* * * LOW HITPOINT WARNING * * *
The two-headed ogre hits you with a +0 giant spiked club!
You die...

#.O### #..<.# .............
......# ...#.#.#....
........# ...........
..>......# ##.#.#.#[...
#@......## #...........
..###...#. #..#.#.#.... .#
......##..Oo....... .
.#.......:o@......?
##.#...........#### # #.
#..............# ..
#.##..............####..
#!#..........##.........
#............###.......#
###.##.............#.........
..........c...........#......
##...#............#.###......


You could see a centaur warrior, a two-headed ogre, an orc priest and an orc
wizard.

Vanquished Creatures
  A cyclops (D:8)
  2 trolls
  Grinder (D:4)
  A shadow (D:9)
  12 yaks
  2 steam dragons
  Menkaure (D:7)
  An acid dragon (D:8)
  An orc warrior (D:6)
  An ice beast (D:6)
  A sky beast (D:7)
  3 centaurs
  Blork the orc (D:6)
  5 bullfrogs
  3 kobold brigands
  A gnoll sergeant (D:9)
  2 scorpions
  A necrophage (D:6)
  5 wights (D:8)
  4 killer bees (D:7)
  4 jellies (Sewer)
  A hound (D:6)
  4 orc priests
  3 iguanas
  7 orc wizards
  10 adders
  A river rat (Sewer)
  3 white imps
  A worm (Sewer)
  5 dart slugs
  24 orcs
  12 ball pythons
  12 endoplasms
  7 giant cockroaches
  4 goblins
  9 hobgoblins
  16 jackals
  3 quokkas
  6 bats
  12 frilled lizards
  23 kobolds
  11 rats
227 creatures vanquished.

Vanquished Creatures (collateral kills)
  A black bear (D:7)
  An ogre (D:4)
  A bullfrog (D:7)
  An orc wizard (D:4)
  A hobgoblin (D:4)
5 creatures vanquished.

Vanquished Creatures (others)
  Duvessa (D:6)
  A black bear (D:5)
  A phantom (D:5)
  A bullfrog (D:7)
  Dowan (D:6)
  22 jellies
  2 orc wizards
  An adder (D:5)
  3 gnolls (D:9)
  2 ufetubi (D:5)
  7 orcs
  4 kobolds (D:6)
  44 fulminant prisms
90 creatures vanquished.

Grand Total: 322 creatures vanquished

Notes
Turn   | Place    | Note
-------+----------+-------------------------------------------
     0 | D:1      | night the Djinni Conjurer began the quest for the Orb.
     0 | D:1      | night set off with the following spells memorised: Magic
                  | Dart, Searing Ray, Dazzling Flash, Fulminant Prism,
                  | Iskenderun's Mystic Blast.
     0 | D:1      | Reached XP level 1. HP: 15/15 MP: 0/0
    98 | D:1      | Reached XP level 2. HP: 21/22 MP: 0/0
   110 | D:1      | Reached skill level 1 in Fighting
   284 | D:1      | Reached XP level 3. HP: 25/27 MP: 0/0
   284 | D:1      | Learned a level 1 spell: Necrotise
   780 | D:1      | Reached skill level 2 in Fighting
  1161 | D:2      | Reached XP level 4. HP: 28/33 MP: 0/0
  1606 | D:2      | Found Sichaum's Armour Emporium.
  1615 | D:2      | Bought a +0 pair of gloves for 49 gold pieces
  1667 | D:2      | Found a faded altar of an unknown god.
  1782 | D:3      | Reached XP level 5. HP: 24/40 MP: 0/0
  1782 | D:3      | Learned a level 2 spell: Scorch
  1946 | D:3      | Reached skill level 3 in Fighting
  2038 | D:3      | Found a transporter.
  2042 | D:3      | Found a transporter.
  2043 | D:3      | Noticed Maratek's ghost (weakling DsFE)
  2761 | D:4      | Reached XP level 6. HP: 43/46 MP: 0/0
  2823 | D:4      | Reached skill level 4 in Fighting
  3145 | D:4      | Noticed Grinder
  3163 | D:4      | Paralysed by Grinder for 4 turns
  3176 | D:4      | Killed Grinder
  3177 | D:4      | Reached skill level 5 in Spellcasting
  3177 | D:4      | Reached XP level 7. HP: 41/53 MP: 0/0
  3177 | D:4      | Learned a level 3 spell: Call Canine Familiar
  3232 | D:4      | Reached skill level 5 in Fighting
  3463 | D:5      | Entered Level 5 of the Dungeon
  3482 | D:5      | Found a glowing drain.
  3492 | Sewer    | Entered a sewer
  3746 | Sewer    | Reached XP level 8. HP: 51/60 MP: 0/0
  3889 | Sewer    | Found a viscous altar of Jiyva.
  3952 | Sewer    | Became a worshipper of Jiyva Jumynyus the Shapeless
  4297 | D:5      | Reached * piety under Jiyva
  4448 | D:5      | Found a staircase to the Ecumenical Temple.
  4587 | D:5      | Reached skill level 6 in Fighting
  4739 | D:5      | Reached ** piety under Jiyva
  4925 | D:6      | Found a hide-covered altar of Uskayaw.
  4941 | D:6      | Noticed Blork the orc
  4950 | D:6      | Killed Blork the orc
  4995 | D:6      | Found an iron altar of Okawaru.
  5106 | D:6      | Killed Dowan
  5327 | D:6      | Found a broken altar of Ashenzari.
  5389 | D:6      | Reached skill level 7 in Fighting
  5449 | D:6      | Reached XP level 9. HP: 66/68 MP: 0/0
  5449 | D:6      | Learned a level 3 spell: Inner Flame
  5536 | D:6      | Killed Duvessa
  5730 | D:6      | Reached *** piety under Jiyva
  6048 | D:7      | Reached skill level 8 in Fighting
  6247 | D:7      | Noticed Menkaure
  6251 | D:7      | HP: 7/71 [centaur/arrow (8)]
  6266 | D:7      | Killed Menkaure
  6671 | D:8      | Reached skill level 9 in Fighting
  6673 | D:8      | Reached XP level 10. HP: 60/78 MP: 0/0
  6766 | D:8      | Found Naijunoi's Antique Weapon Shoppe.
  6769 | D:8      | Gained mutation: You expend health (3 HP) to strengthen
                  | your wands. [Jiyva's grace]
  6769 | D:8      | Gained mutation: You have a small jelly attached to you
                  | that may absorb projectiles. [Jiyva's grace]
  6769 | D:8      | Gained mutation: Your rubbery body absorbs attacks. (AC +1,
                  | EV +1) [Jiyva's grace]
  6769 | D:8      | Gained mutation: Your pliable body absorbs attacks. (AC +2,
                  | EV +2) [Jiyva's grace]
  6959 | D:8      | Found a sparkling altar of Nemelex Xobeh.
  6960 | D:8      | Found a shadowy altar of Dithmenos.
  6961 | D:8      | Found a white marble altar of Elyvilon.
  6961 | D:8      | Found a basalt altar of Yredelemnul.
  6963 | D:8      | Found a glowing silver altar of Zin.
  6963 | D:8      | Found a hazy altar of Hepliaklqana.
  6964 | D:8      | Found an opulent altar of Gozag.
  6975 | D:8      | Noticed a cyclops
  6986 | D:8      | Killed a cyclops
  6987 | D:8      | Reached skill level 10 in Fighting
  7028 | D:8      | You are sucked into a shaft and drop 2 floors!
  7028 | D:10     | Entered Level 10 of the Dungeon
  7048 | D:10     | Reached **** piety under Jiyva
  7651 | D:9      | Upgraded the game from 0.30-a0-385-gfebfb9b408 to
                  | 0.30-a0-457-g4b7bca3bfa
  7673 | D:10     | Noticed Psyche
  7681 | D:10     | Reached skill level 11 in Fighting
  7681 | D:10     | Reached XP level 11. HP: 75/87 MP: 0/0
  7681 | D:10     | Learned a level 5 spell: Agony
  7682 | D:10     | Noticed a two-headed ogre
  7723 | D:10     | Noticed a centaur warrior
  7738 | D:10     | HP: 6/87 [centaur warrior/arrow (8)]
  7740 | D:10     | Slain by a two-headed ogre

Illustrated notes

Levels and vault maps discovered:
D:1:      dpeg_arrival_rooms_b, layout_basic, minivault_14,
          dreamdust_princess_bridge
D:2:      layout_loops_cross, serial_shops, shop,
          dilly_ecumenical_altar_fadedgnrine
D:3:      layout_loops_ring, gammafunk_ghost_mausoleum, st_stairs_12
D:4:      layout_loops_cross, uniq_grinder
D:5:      layout_gridville, minmay_temple_entry_mist, portal_sewer_entry_e,
          hangedman_abyss_or_decor_stagger
D:6:      layout_basic, nicolae_overflow_hidden_temple, ashenzari_altar_1,
          overflow_temple_1_default, nicolae_figureground_pulse,
          uniq_blork_the_orc, uniq_duvessa
D:7:      layout_basic, minmay_misc_feat_tower, hellmonk_bongcloud_opening,
          uniq_menkaure
D:8:      layout_loops_ring, mainiacjoe_overflow_brackets,
          grunt_temple_overflow_open, serial_shops,
          nicolae_shop_advertising_works [nicolae_subvault_shop_adworks]
D:9:      layout_small_grid
D:10:     layout_cave_pools, serial_glass, glass_columns_a, glass_columns_c,
          glass_columns_a, glass_columns_b, glass_columns_a, glass_columns_a,
          minivault_21, uniq_psyche

Skill      XL: |  1  2  3  4  5  6  7  8  9 10 |
---------------+-------------------------------+-----
Fighting       | 1 2 3 4 5 7 9 11 | 11.2
Spellcasting   | 4 5 6 7 9 |  9.4
Dodging        | |  2.1
Stealth        | |  1.5

Action                   |  1- 3 |  4- 6 |  7- 9 | 10-12 || total
-------------------------+-------+-------+-------+-------++-------
Melee: Spear             |     6 |       |       |       ||     6
       Whip              |       |    36 |    78 |    29 ||   143
       Punch             |       |       |     1 |       ||     1
 Cast: Magic Dart        |    72 |    71 |   136 |    13 ||   292
       Searing Ray       |     2 |     6 |     8 |     6 ||    22
       Fulminant Prism   |       |     3 |    15 |    26 ||    44
       Dazzling Flash    |       |     2 |       |     1 ||     3
       Iskenderun's Myst |       |     1 |     3 |     3 ||     7
       Call Canine Famil |       |       |     6 |     2 ||     8
       Scorch            |       |       |     4 |     1 ||     5
Invok: Oozemancy         |       |       |     1 |       ||     1
Evoke: Wand              |       |       |     1 |       ||     1
  Use: Scroll            |       |     3 |     4 |     1 ||     8
Armor: Robe              |     9 |     7 |    36 |    15 ||    67
       Troll leather arm |       |       |       |     3 ||     3
Dodge: Dodged            |    16 |    28 |    76 |    27 ||   147

Table legend: (Time is in decaauts)
 A = Elapsed time spent in this place.
 B = Non-inter-level travel time spent in this place.
 C = Inter-level travel time spent in this place.
 D = Time resting spent in this place.
 E = Time spent auto-exploring this place.
 F = Levels seen in this place.
 G = Mean time per level.
                   A        B        C        D        E       F      G
               +--------+--------+--------+--------+--------+-----+--------+
         Total |   7755 |   7569 |    186 |    249 |   6012 |  11 |  705.0 |
       Dungeon |   7280 |   7094 |    186 |    225 |   5691 |  10 |  728.0 |
         Sewer |    474 |    474 |      0 |     24 |    321 |   1 |  474.0 |
               +--------+--------+--------+--------+--------+-----+--------+

Top non-repeatable levels by time:
     D:6: 1071 daAuts
     D:1: 999 daAuts
     D:2: 904 daAuts
     D:5: 824 daAuts
     D:3: 822 daAuts
     D:7: 782 daAuts
     D:4: 742 daAuts
     D:9: 650 daAuts
   Sewer: 474 daAuts
     D:8: 418 daAuts
    D:10: 64 daAuts
